Map: 골든 월 - 래더

Players

lllllllllll (sOs) - Winner!

  • Race: Protoss Protoss
  • League: Grandmaster
  • Spawn Location: 5:00

Solar

  • Race: Zerg Zerg
  • League: Master
  • Spawn Location: 7:00

Event: War Chest Team League

VOD

Have the link to the VOD?

Description

Time

  • Played on: July 31, 2020, 10:37 a.m.
  • Length: 18:35
Show
View Real Time Build Order
Export as new Build Order

lllllllllll Protoss - Winner!

Build Orders: 1 Gate Expand, Oracle Opening, Phoenix Opening 

Get SALT Encoding   

  12  0:00  Probe  
  13  0:14  Pylon  
  13  0:17  Probe (Chrono Boost)  
  14  0:27  Probe (Chrono Boost)  
  15  0:32  Probe (Chrono Boost)  
  16  0:41  Gateway  
  16  0:43  Probe  
  16  0:49  Assimilator  
  17  0:55  Probe  
  18  1:08  Probe  
  19  1:20  Probe  
  20  1:28  Nexus  
  20  1:37  Cybernetics Core  
  20  1:40  Probe  
  20  1:45  Assimilator  
  21  1:52  Probe  
  22  1:56  Pylon  
  22  2:04  Probe  
  23  2:11  Adept (Chrono Boost)  
  25  2:16  Probe  
  25  2:21  Stargate  
  26  2:27  Warp Gate  
  26  2:29  Probe  
  27  2:34  Adept  
  29  2:42  Probe x2 (Chrono Boost)  
  33  2:51  Probe x2 (Chrono Boost)  
  33  2:57  Probe  
  33  2:58  Probe  
  37  3:06  Oracle (Chrono Boost)  
  37  3:12  Probe x2  
  42  3:14  Gateway  
  42  3:18  Adept  
  42  3:27  Probe x2  
  42  3:30  Pylon  
  46  3:46  Probe x2  
  46  3:48  Twilight Council, Phoenix  
  47  3:51  Assimilator  
  47  3:59  Probe  
  47  4:00  Robotics Facility, Probe  
  49  4:11  Probe  
  49  4:12  Probe  
  49  4:15  Assimilator  
  49  4:17  Gateway  
  51  4:18  Gateway  
  51  4:20  Gateway  
  51  4:25  Resonating Glaives (Chrono Boost)  
  51  4:31  Gateway  
  51  4:35  Probe  
  52  4:44  Pylon  
  52  4:45  Warp Prism (Chrono Boost)  
  54  4:57  Gateway  
  54  5:01  Pylon  
  54  5:03  Adept x2  
  58  5:10  Pylon  
  58  5:24  Pylon  
  58  5:37  Adept x6  
  58  5:41  Nexus  
  70  6:01  Adept x6  
  80  6:24  Pylon  
  80  6:26  Robotics Bay  
  70  6:36  Probe x2  
  70  6:45  Adept  
  70  6:46  Adept x3  
  78  6:49  Robotics Facility  
  78  6:51  Probe (Chrono Boost)  
  78  6:52  Probe (Chrono Boost)  
  78  6:53  Probe (Chrono Boost)  
  81  6:55  Pylon  
  81  7:00  Blink (Chrono Boost), Observer  
  84  7:02  Shield Battery, Probe x2 (Chrono Boost)  
  84  7:05  Forge, Probe (Chrono Boost)  
  84  7:06  Probe x2 (Chrono Boost)  
  87  7:16  Probe  
  87  7:17  Probe  
  87  7:18  Probe  
  88  7:32  Protoss Ground Weapons Level 1  
  88  7:41  Disruptor (Chrono Boost)  
  88  7:42  Disruptor (Chrono Boost)  
  92  7:46  Probe  
  93  7:52  Sentry, Stalker x5  
  93  7:53  Stalker  
  93  7:56  Gateway  
  93  7:57  Pylon  
  107  7:58  Probe  
  108  8:05  Pylon  
  108  8:08  Pylon  
  108  8:14  Assimilator, Disruptor (Chrono Boost)  
  108  8:15  Disruptor (Chrono Boost)  
  108  8:18  Probe x2  
  108  8:19  Probe  
  117  8:26  Photon Cannon  
  117  8:31  Stalker x2  
  117  8:32  Stalker x2  
  125  8:36  Probe  
  125  8:37  Pylon  
  125  8:41  Assimilator  
  126  8:44  Stalker  
  126  8:45  Stalker x2  
  132  8:53  Stalker  
  134  8:59  Stalker x2  
  138  9:07  Probe x2  
  138  9:09  Photon Cannon  
  140  9:10  Photon Cannon  
  140  9:14  Stalker x4  
  148  9:37  Pylon  
  142  9:39  Pylon  
  134  9:50  Stalker x2  
  134  9:51  Stalker x5  
  106  10:02  Phoenix  
  106  10:04  Probe  
  109  10:07  Shield Battery  
  107  10:15  Stalker x6, Shield Battery  
  107  10:16  Stalker  
  107  10:20  Stalker  
  123  10:28  Stargate  
  121  10:31  Protoss Ground Armor Level 1  
  121  10:33  Shield Battery, Phoenix (Chrono Boost)  
  121  10:34  Shield Battery  
  123  10:40  Charge (Chrono Boost)  
  123  10:53  Phoenix  
  123  10:54  Photon Cannon  
  124  11:06  Fleet Beacon  
  124  11:08  Photon Cannon  
  124  11:09  Shield Battery  
  124  11:20  Photon Cannon  
  124  11:22  Zealot x2  
  124  11:23  Zealot  
  130  11:26  Phoenix (Chrono Boost)  
  130  11:31  Zealot  
  130  11:32  Zealot x2  
  133  11:35  Phoenix (Chrono Boost)  
  135  11:48  Phoenix (Chrono Boost), Anion Pulse-Crystals (Chrono Boost)  
  135  11:52  Phoenix (Chrono Boost)  
  139  12:01  Cybernetics Core  
  139  12:03  Photon Cannon  
  139  12:04  Phoenix  
  135  12:11  Zealot x3  
  135  12:15  Phoenix (Chrono Boost)  
  139  12:28  Phoenix (Chrono Boost)  
  141  12:37  Phoenix (Chrono Boost)  
  141  12:42  Stargate  
  141  12:52  Phoenix  
  141  12:53  Protoss Air Weapons Level 1 (Chrono Boost)  
  141  12:55  Phoenix  
  143  13:04  Zealot x4  
  147  13:17  Phoenix  
  149  13:20  Phoenix  
  149  13:26  Stalker x3  
  157  13:27  Pylon  
  157  13:29  Pylon  
  157  13:31  Pylon  
  157  13:45  Phoenix x3  
  163  13:55  Nexus  
  154  14:10  Phoenix x2  
  154  14:12  Phoenix  
  160  14:22  Zealot x5  
  170  14:25  Shield Battery  
  168  14:35  Phoenix  
  168  14:37  Pylon, Phoenix x2  
  174  14:50  Protoss Air Weapons Level 2 (Chrono Boost), Zealot  
  174  14:51  Zealot x2  
  174  14:52  Pylon  
  164  15:07  Phoenix x3  
  170  15:21  Assimilator  
  170  15:28  Zealot x6  
  162  15:29  Zealot  
  162  15:34  Assimilator, Templar Archives  
  148  15:57  Zealot x5  
  148  15:58  Zealot  
  111  16:19  High Templar x4  
  111  16:20  High Templar x2  
  122  16:26  Archon x3  
  122  16:34  Nexus  
  122  16:45  High Templar  
  114  16:55  High Templar x3  
  114  16:56  High Templar x2  
  122  17:06  Archon x2  
  122  17:07  Archon  
  122  17:13  Stalker  
  122  17:17  Pylon  
  122  17:18  Stalker  
  124  17:28  Zealot  
  126  17:30  Stalker x3  
  130  17:45  Zealot x3  
  132  18:16  Photon Cannon  
  132  18:17  Shield Battery  
  132  18:19  Probe x3  
Show
View Real Time Build Order
Export as new Build Order

Solar Zerg 

Build Orders: Hatch First 

Get SALT Encoding   

  12  0:01  Drone  
  13  0:12  Overlord  
  13  0:17  Drone  
  14  0:31  Drone x2  
  16  0:45  Drone  
  17  0:55  Hatchery, Drone  
  17  0:59  Drone  
  18  1:09  Extractor  
  17  1:17  Spawning Pool, Drone  
  17  1:21  Drone  
  18  1:28  Drone  
  19  1:39  Drone  
  20  1:51  Overlord  
  20  2:04  Queen  
  20  2:06  Queen  
  20  2:07  Zergling x4  
  26  2:12  Drone  
  26  2:13  Metabolic Boost  
  27  2:17  Drone  
  27  2:21  Drone  
  29  2:34  Drone  
  30  2:39  Hatchery  
  30  2:42  Zergling x2  
  30  2:49  Queen  
  32  2:54  Overlord  
  32  2:57  Drone  
  33  2:59  Drone  
  33  3:02  Drone  
  33  3:04  Drone  
  36  3:17  Drone x4  
  36  3:19  Drone  
  42  3:20  Drone  
  42  3:21  Drone  
  42  3:24  Overlord  
  42  3:26  Drone  
  43  3:42  Zergling x8  
  43  3:44  Spore Crawler  
  43  3:48  Drone x2  
  48  3:50  Zergling x2  
  48  3:51  Drone x2  
  48  3:54  Queen  
  53  3:57  Queen  
  55  4:03  Drone  
  55  4:04  Drone  
  55  4:05  Drone  
  55  4:08  Drone  
  57  4:11  Spore Crawler  
  57  4:12  Drone  
  57  4:19  Overlord  
  57  4:27  Drone  
  57  4:28  Roach Warren  
  57  4:29  Drone  
  57  4:30  Overlord  
  58  4:39  Overlord  
  58  4:41  Lair, Extractor  
  58  4:42  Extractor  
  56  4:47  Drone x2  
  56  4:49  Drone x4  
  56  4:50  Drone x3  
  56  4:51  Overlord  
  65  4:57  Overlord  
  65  4:59  Zergling x4  
  68  5:00  Zergling x2  
  68  5:03  Overlord  
  68  5:08  Drone  
  68  5:10  Drone  
  68  5:12  Roach x2  
  68  5:13  Extractor, Roach  
  75  5:18  Roach  
  76  5:23  Roach x2  
  76  5:26  Overlord  
  80  5:29  Drone  
  80  5:30  Drone  
  80  5:31  Roach x3  
  80  5:34  Zergling x4  
  90  5:38  Extractor, Roach  
  90  5:42  Roach x2  
  94  5:45  Spine Crawler  
  94  5:46  Glial Reconstitution  
  95  5:50  Roach  
  95  5:53  Roach  
  95  5:56  Roach x2  
  101  5:59  Roach  
  103  6:06  Roach  
  103  6:11  Roach x2  
  105  6:14  Overlord  
  98  6:22  Overlord  
  98  6:25  Overlord  
  98  6:31  Overlord  
  96  6:33  Drone x2  
  94  6:43  Drone x2  
  94  6:44  Drone  
  94  6:46  Drone  
  98  6:48  Drone  
  98  6:50  Drone  
  98  6:51  Drone  
  101  6:58  Drone  
  101  6:59  Drone x2  
  101  7:00  Drone x2  
  106  7:03  Overseer  
  106  7:04  Drone  
  106  7:05  Drone x2  
  109  7:10  Drone  
  110  7:16  Drone x2  
  110  7:19  Spire  
  110  7:22  Drone  
  109  7:23  Drone  
  109  7:26  Zergling x8  
  112  7:30  Drone x3  
  112  7:32  Drone  
  112  7:36  Drone x2  
  113  7:37  Drone  
  113  7:40  Drone  
  113  7:43  Drone  
  116  7:45  Evolution Chamber  
  116  7:46  Drone  
  116  7:50  Drone  
  117  7:52  Drone  
  117  7:55  Drone x3  
  117  7:57  Extractor  
  120  8:00  Drone x2  
  120  8:01  Overlord  
  120  8:02  Drone  
  123  8:05  Baneling Nest  
  122  8:15  Zerg Melee Weapons Level 1  
  122  8:16  Overlord  
  122  8:22  Zergling x12  
  122  8:25  Hatchery, Overlord  
  126  8:30  Overlord  
  126  8:32  Mutalisk x3  
  133  8:35  Mutalisk  
  133  8:36  Mutalisk  
  133  8:40  Ravager x2  
  133  8:41  Ravager, Mutalisk  
  140  8:43  Mutalisk  
  140  8:44  Mutalisk  
  146  8:49  Mutalisk  
  146  8:51  Zergling x4  
  146  8:52  Zergling x2  
  146  8:55  Overlord  
  151  8:57  Mutalisk  
  152  9:05  Mutalisk  
  152  9:06  Overlord  
  152  9:08  Zergling x14  
  161  9:12  Overlord  
  161  9:22  Zergling x2  
  161  9:24  Overlord  
  161  9:26  Zergling x10  
  164  9:31  Mutalisk x3  
  164  9:33  Zergling x4  
  169  9:42  Zergling x8  
  153  9:47  Mutalisk x2  
  153  9:48  Mutalisk  
  153  9:50  Zergling x8  
  141  9:54  Zergling x6  
  141  9:55  Queen  
  141  9:58  Mutalisk  
  142  10:00  Zergling x4  
  142  10:03  Zergling x4  
  142  10:04  Zergling x2  
  146  10:11  Drone x4  
  150  10:17  Zerg Flyer Weapons Level 1, Mutalisk  
  150  10:19  Drone x2  
  154  10:23  Mutalisk  
  154  10:26  Drone x5  
  159  10:29  Mutalisk  
  159  10:32  Extractor  
  159  10:33  Drone  
  161  10:36  Mutalisk  
  161  10:42  Mutalisk  
  165  10:43  Drone x3  
  165  10:46  Extractor  
  165  10:48  Drone x2  
  169  10:51  Drone  
  169  10:52  Queen, Mutalisk  
  169  10:54  Mutalisk  
  175  10:58  Mutalisk  
  175  11:01  Overlord  
  177  11:05  Mutalisk  
  177  11:09  Zergling x4  
  177  11:10  Zergling x8  
  185  11:15  Mutalisk x2  
  185  11:16  Overlord  
  189  11:19  Overlord  
  189  11:22  Mutalisk  
  188  11:27  Zergling x2  
  188  11:28  Zergling x12  
  188  11:31  Mutalisk x2  
  180  11:34  Mutalisk  
  178  11:45  Mutalisk  
  180  11:51  Hatchery, Mutalisk x2  
  183  11:54  Mutalisk  
  183  11:59  Mutalisk  
  187  12:01  Zergling x8  
  187  12:04  Mutalisk  
  187  12:07  Mutalisk  
  195  12:12  Zergling x10  
  195  12:15  Mutalisk  
  198  12:21  Mutalisk x2  
  196  12:24  Mutalisk  
  196  12:29  Mutalisk  
  198  12:47  Mutalisk x2  
  198  12:51  Corruptor  
  198  12:53  Corruptor x2  
  198  13:00  Zerg Flyer Armor Level 1  
  198  13:01  Zergling x6  
  190  13:06  Corruptor  
  190  13:09  Corruptor  
  190  13:11  Zergling x16  
  194  13:14  Corruptor  
  194  13:18  Corruptor  
  194  13:19  Zergling x10  
  199  13:20  Zergling x6  
  199  13:23  Baneling Nest  
  192  13:28  Corruptor  
  192  13:30  Corruptor  
  192  13:32  Zergling x6  
  199  13:35  Extractor, Mutalisk  
  199  13:37  Zergling x2  
  199  13:38  Extractor, Zergling x2  
  199  13:51  Corruptor  
  199  13:55  Drone x3  
  198  13:57  Corruptor  
  198  14:01  Mutalisk x3  
  199  14:10  Drone x2  
  199  14:12  Drone x2  
  197  14:21  Corruptor  
  199  14:26  Centrifical Hooks, Zerg Melee Weapons Level 2  
  199  14:29  Baneling x13  
  195  14:33  Corruptor  
  195  14:36  Zergling x4  
  195  14:40  Corruptor  
  195  14:43  Baneling x2, Spore Crawler  
  196  14:47  Corruptor  
  196  14:52  Corruptor  
  194  15:01  Mutalisk x3  
  194  15:05  Zergling x4  
  200  15:13  Zergling x2  
  199  15:18  Zergling x12  
  199  15:20  Mutalisk  
  196  15:24  Mutalisk x2  
  196  15:27  Drone x2  
  188  15:29  Drone  
  188  15:31  Mutalisk  
  191  15:39  Mutalisk x2  
  191  15:42  Baneling x4  
  189  15:50  Mutalisk x2  
  187  15:58  Corruptor x2  
  187  16:02  Zergling x2  
  187  16:03  Zergling x2  
  173  16:07  Corruptor  
  173  16:10  Zergling x2  
  155  16:20  Zergling x4  
  155  16:21  Zergling x6  
  155  16:30  Mutalisk  
  149  16:40  Mutalisk  
  144  16:52  Mutalisk  
  142  16:57  Mutalisk x2  
  144  17:09  Drone x5  
  149  17:16  Drone x3  
  149  17:27  Drone x4  
  146  17:37  Mutalisk  
  146  17:39  Mutalisk  
  146  17:44  Mutalisk  
  148  17:47  Mutalisk  
  152  17:53  Drone x2  
  152  17:55  Drone  
  152  17:56  Drone  
  152  17:57  Drone  
  139  18:01  Zergling x6  
  139  18:03  Zergling x2  
  136  18:06  Zergling x2  
  136  18:09  Zergling x2  
  135  18:16  Drone  
  135  18:17  Drone x2  
  136  18:21  Drone x2  
Tags
 
Add a new tag
Caveats
  • Supply blocks, unpowered buildings, or Contaminate may cause inaccurate times.
  • Supply counts are checked every 10 seconds.